 Seeded DCSS version 0.30.0-30-g96aa6591b8 (webtiles) character file.

Game seed: 10956055803605267845 (custom seed)

57 CInkIbrahim the Slasher (level 3, 0/27 HPs)
             Began as a Demonspawn Gladiator on June 30, 2023.
             Slain by an endoplasm (1 damage)
             ... on level 2 of the Dungeon.
             The game lasted 00:00:46 (1968 turns).

CInkIbrahim the Slasher (Demonspawn Gladiator)      Turns: 1968, Time: 00:00:47

Health: 0/27       AC:  4    Str: 14    XL:     3   Next: 73%
Magic:  0/3        EV: 12    Int:  9    God:
Gold:   97         SH:  0    Dex: 16    Spells: 2/2 levels left

rFire   . . .        a - +0 long sword
rCold   . . .        (no shield)
rNeg    . . .        b - +0 leather armour
rPois   +            c - +0 helmet
rElec   .            (no cloak)
rCorr   .            (no gloves)
SInv    .            (no boots)
Will    .....        (no amulet)
Stlth   +            p - ring of poison resistance
HPRegen 0.24/turn    (no ring)
MPRegen 0.16/turn

%: guardian spirit
@: no status effects
A: magic shield, magic regeneration
a: no special abilities


You were on level 2 of the Dungeon.
You visited 1 branch of the dungeon, and saw 2 of its levels.

You collected 97 gold pieces.

Inventory:

Hand Weapons
 a - a +0 long sword (weapon)
Missiles
 d - 3 throwing nets (quivered)
 e - a javelin
Armour
 b - a +0 leather armour (worn)
 c - a +0 helmet (worn)
Jewellery
 p - a ring of poison resistance (left hand)
Scrolls
 f - 2 scrolls of immolation {unknown}
 g - a scroll of fog {unknown}
 h - a scroll of amnesia {unknown}
 i - a scroll of poison {unknown}
 j - 5 scrolls of identify {unknown}
 k - a scroll of fear {unknown}
 l - a scroll of torment {unknown}
 m - a scroll of silence {unknown}
 n - a scroll of enchant weapon {unknown}
 o - a scroll of blinking {unknown}
 q - a scroll of noise {unknown}


   Skills:
 - Level 2.0 Fighting
 + Level 4.3 Long Blades
 - Level 1.7 Throwing
 - Level 2.6 Dodging


You had 2 spell levels left.
You didn't know any spells.
Your spell library was empty.

Dungeon Overview and Level Annotations

Branches:
Dungeon (2/15)

Altars:


Innate Abilities, Weirdness & Mutations

When hurt, damage is shared between your health and your magic reserves.
You regenerate magic rapidly.


Message History

There are monsters nearby!
You are too injured to fight recklessly!
There are monsters nearby!
You are too injured to fight recklessly!
There are monsters nearby!
You are too injured to fight recklessly!
There are monsters nearby!
You are too injured to fight recklessly!
There are monsters nearby!
You are too injured to fight recklessly!
There are monsters nearby!
You are too injured to fight recklessly!
There are monsters nearby!
You are too injured to fight recklessly!
There are monsters nearby!
You are too injured to fight recklessly!
You hit the worm.
The worm is severely wounded.
The bat closely misses you. The worm completely misses you.
You hit the worm.
The worm is almost dead.
The bat hits you but does no damage.
You hit the worm but do no damage.
The worm is almost dead.
The bat hits you but does no damage. The worm bites you!
* * * LOW HITPOINT WARNING * * *
The bat misses you.
Unknown command.
You slash the worm!
You kill the worm!
The bat hits you.
You hit the endoplasm but do no damage. The bat closely misses you.
The endoplasm freezes you.
You are frozen.
* * * LOW HITPOINT WARNING * * *
The endoplasm barely misses you.
You hit the endoplasm.
The endoplasm is lightly wounded.
The bat misses you. The endoplasm hits you.
You die...

## . .#### ... ...
... ... ####### #.#
.... ##.....#
#######J# ...
.......#
#....##@##.# ..#
.......#
#....##....# #.# #.#
.....###
#....##b.#..<.....
..# .....#
##....##..# ###.#.#
#.# ######
#.......).# ....#
#.#
##########.....#.##
#.#.# #.#
...............#...
#.#.# #.#
.....#####....(#.###
#.#.###.# .....#
#.####### #.......##


You could see an endoplasm and a bat.

Vanquished Creatures
  An adder (D:2)
  2 worms (D:2)
  2 dart slugs (D:1)
  5 ball pythons
  2 bats
  5 endoplasms
  5 giant cockroaches
  2 goblins
  A hobgoblin (D:2)
  2 kobolds (D:1)
  2 quokkas
  5 rats
34 creatures vanquished.

Notes
Turn   | Place    | Note
-------+----------+-------------------------------------------
     0 | D:1      | CInkIbrahim the Demonspawn Gladiator began the quest for
                  | the Orb.
     0 | D:1      | Reached XP level 1. HP: 16/16 MP: 1/1
   107 | D:1      | Reached skill level 3 in Long Blades
   182 | D:1      | Gained mutation: You regenerate magic rapidly. [demonic
                  | ancestry]
   182 | D:1      | Reached XP level 2. HP: 22/22 MP: 2/2
   701 | D:1      | Gained mutation: When hurt, damage is shared between your
                  | health and your magic reserves. [demonic ancestry]
   701 | D:1      | Reached XP level 3. HP: 27/27 MP: 3/3
   748 | D:1      | Found a faded altar of an unknown god.
  1311 | D:2      | Reached skill level 4 in Long Blades
  1967 | D:2      | HP: 1/27 [frozen (4)]
  1968 | D:2      | Slain by an endoplasm

Illustrated notes

Levels and vault maps discovered:
D:1:      dpeg_arrival_round_a, layout_loops_corners,
          hellmonk_ecumenical_altar_heavens_door, kennysheep_nondescript,
          serial_park_tiny_2
D:2:      layout_basic, serial_co_window_serial, co_window_of_opportunity_a,
          co_window_paths_b, co_window_paths_b, co_window_corner_a,
          co_window_of_opportunity_a, co_window_paths_b, co_window_paths_a,
          co_window_broadway_a, co_window_broadway_c, co_window_paths_c,
          co_window_cross_3, co_window_4corner_a, glass_columns_b,
          glass_columns_a, glass_columns_a, glass_columns_a

Skill      XL: |  1  2  3 |
---------------+----------+-----
Long Blades    | 3 4 |  4.3
Fighting       | |  2.0
Throwing       | |  1.7
Dodging        | |  2.6

Action                     || total
---------------------------++-------
  Melee: Long sword        ||   114
   Stab: Sleeping          ||     1
 Armour: Leather armour    ||    31
  Dodge: Dodged            ||    83
